 Dungeon Crawl Stone Soup version 0.14-a0-1707-g75daffb (webtiles) character file.

46460 PolkaDot the Severer (level 14, -1/138 HPs)
             Began as a Hill Orc Fighter on Jan 1, 2014.
             Was the Champion of Beogh.
             Slain by a 12-headed hydra (7 damage)
             ... on Level 1 of the Swamp.
             The game lasted 02:06:06 (20666 turns).

PolkaDot the Severer (Hill Orc Fighter)            Turns: 20666, Time: 02:06:06

HP  -1/138       AC 32     Str 20      XL: 14   Next: 31%
MP  14/14        EV  1     Int  7 (16) God: Beogh [******]
Gold 1460        SH 22     Dex 14      Spells:  1 memorised, 10 levels left

rFire  + . .     SeeInvis .     m - +7 war axe of Light {chop, Int+2}
rCold  . . .     Clarity  .     i - +1 crystal plate armour
rNeg   . . .     Conserve +     c - +0 orc shield
rPois  .         rCorr    .     a - +2 helmet of the Earth {Int+3}
rElec  +         rRot     .     e - +0 cloak
SustAb . .       Spirit   .     l - +0 pair of orc gloves
rMut   .         Warding  .     s - +1 pair of orc boots
Saprov + . .     Stasis   .     y - amulet of conservation
                                x - ring of protection from fire
                                g - ring "Pnufaoco" {+Inv rElec Int+3}

@: mildly poisoned, slowed, very slow, somewhat resistant to hostile
enchantments, extremely unstealthy
A: walk on water, saprovore 1
a: Smiting, Recall Orcish Followers, Renounce Religion, Evoke Invisibility


You were on level 1 of the Swamp.
You worshipped Beogh.
Beogh was exalted by your worship.
You were not hungry.

You visited 3 branches of the dungeon, and saw 20 of its levels.
You also visited: Sewer and Volcano.

You collected 1868 gold pieces.
You spent 408 gold pieces at shops.

Inventory:

Hand weapons
 m - the +7,+7 war axe of Light (weapon) {chop, Int+2}
   (You found it on level 11 of the Dungeon)

   It inflicts extra damage upon your enemies.
   It affects your intelligence (+2).
Armour
 a - the +2 helmet of the Earth (worn) {Int+3}
   (You bought it in a shop on level 9 of the Dungeon)

   It affects your intelligence (+3).
 c - a +0 orcish shield (worn)
 e - a +0 cloak (worn)
 i - a +1 crystal plate armour (worn)
 l - a +0 pair of orcish gloves (worn)
 s - a +1 pair of orcish boots (worn)
Magical devices
 b - a wand of hasting (7)
 t - a wand of digging (5)
 J - a wand of digging (10)
Comestibles
 d - 3 rotting chunks of alligator flesh {@w1}
 h - a rotting chunk of giant frog flesh {@w1}
Scrolls
 j - 2 scrolls of recharging {unknown}
 F - 2 scrolls of fog
 G - a scroll of enchant armour
 K - a scroll of random uselessness {unknown}
 L - 2 scrolls of blinking
 N - a scroll of magic mapping
 P - 2 scrolls of enchant weapon I
 S - a scroll of summoning {unknown}
 T - 5 scrolls of enchant weapon II
 U - 6 scrolls of remove curse
 V - 3 scrolls of teleportation
Jewellery
 g - the ring "Pnufaoco" (left hand) {+Inv rElec Int+3}
   (You found it on level 5 of the Dungeon)

   [ring of invisibility]

   It affects your intelligence (+3).
   It insulates you from electricity.
 x - a ring of protection from fire (right hand)
 y - an amulet of conservation (around neck)
 I - an uncursed ring of protection from cold
 O - an uncursed ring of flight
Potions
 f - 3 potions of brilliance
 o - a potion of degeneration {!q}
 p - a potion of flight
 r - 6 potions of curing
 v - a potion of resistance
 w - 2 potions of magic
 z - a potion of restore abilities
 E - 2 potions of mutation {unknown}
 H - 2 potions of berserk rage {unknown}
 Q - 2 potions of might
 R - a potion of lignification {unknown}
Books
 D - a book of War Chants

   Spells                             Type                      Level
   Fire Brand                         Charms/Fire                  2
   Freezing Aura                      Charms/Ice                   2
   Shroud of Golubria                 Charms/Translocation         2
   Repel Missiles                     Charms/Air                   2
   Poison Weapon                      Charms/Poison                3
   *Regeneration                      Charms/Necromancy            3


   Skills:
 * Level 16.4 Fighting
 + Level 20.3 Axes
 + Level 11.7 Armour
 - Level 3.2 Shields


You had 10 spell levels left.
You knew the following spells:

 Your Spells              Type           Power        Failure   Level  Hunger
r - Regeneration          Chrm/Necr      #.........   100%        3    ####...


Dungeon Overview and Level Annotations

Branches:
Dungeon (11/16)            Temple (0/1) D:4             Orc (0/4) D:9
   Lair (8/8) D:10          Swamp (1/5) Lair:4       Spider (0/5) Lair:3
  Slime (0/6) Lair:7

Altars:
Ashenzari
Trog
Xom
Yredelemnul
Jiyva

Shops:
D:9 ([

Annotations:
Lair:8 Nergalle


Innate Abilities, Weirdness & Mutations

You can walk on water.
You can tolerate rotten meat.


Message History

The 12-headed hydra bites you.
* * * LOW HITPOINT WARNING * * *
The 12-headed hydra bites you but does no damage.
Boghold looks even sicker.
You swap places.
You are engulfed in poison gas.
You are more poisoned.
* * * LOW HITPOINT WARNING * * *
You feel sick.
You feel a little better.
Boghold is engulfed in poison gas.
Boghold looks even sicker.
The 12-headed hydra bites you.
* * * LOW HITPOINT WARNING * * *
You block the 12-headed hydra's attack.
The 12-headed hydra bites you but does no damage.
The 12-headed hydra bites you.
* * * LOW HITPOINT WARNING * * *
The 12-headed hydra bites you but does no damage.
The 12-headed hydra bites you!
You die...

.(.♣♣♣♣≈♣ ≈≈....
..(....≈♣ .≈≈≈≈..
..%≈....♣♣♣♣ ♣.≈≈≈≈.♣
≈≈≈≈≈≈≈≈≈..♣♣♣♣♣......♣
≈≈≈≈≈≈≈.≈≈...≈♣≈.≈.≈≈.♣♣
.≈≈≈.......≈≈...§.(≈≈≈.≈≈
.≈≈≈...≈...≈≈≈..D§.......
≈≈..≈..≈≈.≈....♣D§§≈...≈≈
≈...≈...%...[..♣@§§≈..♣..
≈...≈≈....♣♣♣♣♣♣oo§.♣♣♣
..≈≈≈≈≈≈...o.♣♣♣§§≈.≈♣
♣.≈≈≈≈≈..≈≈..♣≈..≈.≈♣
♣..≈≈≈≈..≈≈≈...≈♣♣♣♣♣
♣♣♣..≈..≈≈≈≈....♣
...............♣
.≈≈.>.≈≈≈≈≈.♣.♣
...♣♣♣.....§.♣


You could see a 12-headed hydra, a swamp dragon, the friendly Boghold the orc
knight and the friendly Olfik the orc knight.

Vanquished Creatures
  A fire dragon (Lair:8)
  The ghost of kerensky the Cleaver, a powerful FoFi of Cheibriados (D:9)
  A hydra (Lair:4)
  3 lindwurms
  A swamp dragon (Swamp:1)
  Pikel (D:4)
  2 hill giants
  A wolf spider (Lair:3)
  A spiny worm (Lair:8)
  5 elephants (Lair:2)
  2 black mambas (Lair:8)
  A feature mimic (D:10)
  A spiny frog (Lair:2)
  A fire drake (Lair:3)
  Grinder (D:4)
  4 giant fireflies (Lair:8)
  A troll (D:11)
  3 giant leeches
  2 komodo dragons
  5 polar bears (Lair:8)
  4 blink frogs
  A slime creature (Swamp:1)
  4 grizzly bears (Lair:8)
  3 spectral orcs (Lair:2)
  A bog body (Swamp:1)
  2 baby alligators (Swamp:1)
  A redback (Lair:3)
  A basilisk (Lair:4)
  4 elephant slugs (Lair:8)
  Eustachio (D:10)
  8 fire bats (Volcano)
  Grum (D:8)
  3 vampire mosquitoes (Swamp:1)
  A steam dragon (D:10)
  4 hippogriffs
  18 yaks
  8 wolves (Lair:8)
  Menkaure (D:5)
  A swamp worm (Swamp:1)
  2 manticores (Volcano)
  3 necrophages (Lair:3)
  3 hell hounds (Lair:8)
  3 black bears (Lair:8)
  5 porcupines
  2 ice beasts
  A yellow wasp (D:9)
  2 giant goldfish (Lair:2)
  A phantom (D:8)
  5 centaurs
  A blink frog zombie (Lair:5)
  3 ogres
  3 crocodiles
  A warg (Lair:8)
  6 big kobolds
  3 brain worms
  A giant slug (Lair:2)
  6 water moccasins
  9 giant frogs
  A gnoll sergeant (D:9)
  4 agate snails
  A troll zombie (D:9)
  A yak zombie (Lair:1)
  An electric eel (Lair:2)
  2 wights (D:11)
  5 jellyfish (Lair:2)
  8 killer bees (D:9)
  2 lava fish (Volcano)
  A hippogriff skeleton (D:10)
  Dowan (D:7)
  4 crimson imps
  A gnoll shaman (D:5)
  A lava snake (Volcano)
  A quasit (D:8)
  2 orc priests (D:4)
  2 big fish
  A centaur skeleton (D:8)
  4 iguanas
  9 orc wizards
  8 hounds
  3 sheep (Lair:7)
  5 scorpions
  5 worker ants
  2 crocodile zombies
  A necrophage skeleton (Lair:3)
  A hound zombie (Lair:8)
  A mummy (D:5)
  6 gnolls
  27 green rats
  13 adders
  2 giant centipedes
  An inept feature mimic (D:9)
  15 worms
  3 giant mites
  2 iguana zombies
  3 giant eyeballs
  6 giant geckos
  19 orcs
  A ball python (D:5)
  16 bats
  A bat skeleton (D:5)
  4 giant cockroaches
  A grey rat (Sewer)
  13 hobgoblins
  26 jackals
  5 quokkas
  8 giant newts
  9 goblins
  3 green rat zombies
  A hobgoblin skeleton (D:9)
  2 hobgoblin zombies (D:7)
  2 jackal zombies
  30 kobolds
  A kobold skeleton (D:6)
  A kobold zombie (D:6)
  An orc skeleton (D:5)
  An orc zombie (D:9)
  20 rats
  2 rat zombies
  5 fungi
  18 plants
511 creatures vanquished.

Vanquished Creatures (collateral kills)
  Rupert (Lair:8)
  Maud (Lair:5)
  Snorg (Lair:5)
  2 hydras
  3 alligators (Swamp:1)
  Urug (D:10)
  An unseen horror (D:11)
  A swamp dragon (Swamp:1)
  A lindwurm (Lair:8)
  3 slime creatures (Swamp:1)
  A black mamba (Lair:8)
  An elephant (Lair:2)
  3 spiny frogs
  Psyche (D:8)
  A fire drake (Lair:8)
  A human zombie (Lair:5)
  6 komodo dragons
  A queen bee (D:9)
  3 giant leeches (Swamp:1)
  3 basilisks
  A baby alligator (Swamp:1)
  5 grizzly bears (Lair:8)
  13 blink frogs
  A shadow (D:11)
  20 yaks
  3 hippogriffs
  2 clay golems (Volcano)
  2 hungry ghosts
  A wyvern (D:9)
  A vampire mosquito (Swamp:1)
  3 necrophages (Lair:3)
  6 wolves
  2 swamp worms (Swamp:1)
  A porcupine (Lair:2)
  A hell hound (Lair:8)
  3 black bears (Lair:8)
  3 blink frog zombies (Lair:5)
  A giant goldfish (Lair:2)
  2 orc warriors (D:9)
  A centaur (D:8)
  4 crocodiles
  Duvessa (D:7)
  A fire drake skeleton (Lair:3)
  An ogre (D:10)
  A giant slug zombie (Lair:5)
  3 big kobolds (D:8)
  A water moccasin (Lair:6)
  A wyvern zombie (D:7)
  A troll zombie (Lair:5)
  7 giant frogs
  4 wargs (Lair:8)
  7 agate snails
  A brain worm (Lair:8)
  A komodo dragon skeleton (D:11)
  8 giant slugs
  4 yak zombies
  A lava fish (Volcano)
  9 killer bees (D:9)
  A wight (D:11)
  A jellyfish (Swamp:1)
  A grizzly bear zombie (Lair:8)
  A yak skeleton (D:10)
  A goliath beetle (Lair:4)
  3 electric eels (Lair:2)
  9 hounds
  3 crimson imps
  2 giant frog zombies (Lair:5)
  7 iguanas
  A wolf zombie (Lair:8)
  5 jellies
  3 spiders (D:10)
  A water moccasin zombie (Lair:3)
  An orc wizard (D:7)
  A worker ant (D:10)
  8 spectral orcs (Lair:2)
  A sheep (Lair:7)
  2 necrophage skeletons (Lair:3)
  3 gnolls (D:9)
  4 adders
  3 giant centipedes
  25 green rats
  4 worms
  An adder zombie (D:7)
  A giant eyeball (D:7)
  A giant gecko (Lair:5)
  4 orcs
  4 green rat zombies
  12 jackals
  2 quokkas
  A bat (Lair:5)
  8 kobolds
  3 rats
  A butterfly (Lair:5)
  29 fungi
  41 plants
363 creatures vanquished.

Vanquished Creatures (others)
  An orc warrior (Volcano)
  A hell hound zombie (Lair:8)
  A polar bear zombie (Lair:8)
  2 killer bees (D:9)
  5 wolf zombies (Lair:8)
  A black bear zombie (Lair:8)
  2 orc wizards (D:9)
  3 orc priests
  5 hound zombies (Lair:8)
  An adder (D:9)
  A human skeleton (D:10)
  2 ufetubi (Lair:8)
  An adder zombie (Lair:1)
  A giant centipede zombie (Lair:5)
  22 orcs
  A goblin (D:4)
  A quokka (Lair:2)
  A giant newt (D:4)
  2 green rat zombies
  3 jackal zombies
  An orc zombie (Lair:2)
  6 spectral orcs
  2 fungi (Lair:8)
  4 plants (Lair:8)
70 creatures vanquished.

Grand Total: 944 creatures vanquished

Notes
Turn   | Place    | Note
--------------------------------------------------------------
     0 | D:1      | PolkaDot, the Hill Orc Fighter, began the quest for the Orb.
     0 | D:1      | Reached XP level 1. HP: 19/19 MP: 1/1
   324 | D:1      | Reached skill level 4 in Fighting
   324 | D:1      | Reached XP level 2. HP: 27/27 MP: 2/2
   672 | D:1      | Reached XP level 3. HP: 32/34 MP: 3/3
  1196 | D:2      | Reached XP level 4. HP: 41/41 MP: 4/4
  1792 | D:3      | Became a worshipper of Beogh the Brigand
  2001 | D:3      | Noticed a giant frog
  2014 | D:3      | Killed a giant frog
  2014 | D:3      | Reached skill level 5 in Fighting
  2014 | D:3      | Reached skill level 5 in Axes
  2014 | D:3      | Reached XP level 5. HP: 38/48 MP: 5/5
  2143 | D:3      | Found a glowing drain.
  2149 | Sewer    | Entered a sewer
  2269 | Sewer    | Reached skill level 6 in Fighting
  2269 | Sewer    | Reached XP level 6. HP: 51/57 MP: 6/6
  2280 | Sewer    | Found a white marble altar of Elyvilon.
  2906 | D:4      | Paralysed by a potion of paralysis for 2 turns
  2907 | D:4      | Noticed Pikel
  2940 | D:4      | Killed Pikel
  2940 | D:4      | Reached skill level 7 in Fighting
  2940 | D:4      | Reached skill level 8 in Axes
  2940 | D:4      | Reached XP level 7. HP: 58/67 MP: 7/7
  2964 | D:4      | Acquired Beogh's first power
  3039 | D:4      | Paralysed by a giant eyeball for 4 turns
  3106 | D:4      | Found a bloodstained altar of Trog.
  3177 | D:4      | Noticed Grinder
  3432 | D:5      | Entered Level 5 of the Dungeon
  3459 | D:5      | Noticed Menkaure
  3650 | D:4      | Reached XP level 8. HP: 40/74 MP: 8/8
  3990 | D:4      | Paralysed by Grinder for 7 turns
  4005 | D:4      | Paralysed by Grinder for 5 turns
  4024 | D:4      | Killed Grinder
  4024 | D:4      | Reached skill level 9 in Axes
  4143 | D:4      | Found a staircase to the Ecumenical Temple.
  4435 | D:5      | Reached skill level 10 in Axes
  4526 | D:5      | Got a flickering wooden ring
  4528 | D:5      | Identified the ring "Pnufaoco" {+Inv rElec Int+3} (You found it on level 5 of the Dungeon)
  4636 | D:5      | Acquired Beogh's second power
  4897 | D:5      | Reached skill level 10 in Fighting
  4897 | D:5      | Reached XP level 9. HP: 45/85 MP: 9/9
  5181 | D:5      | Killed Menkaure
  5181 | D:5      | Reached skill level 11 in Axes
  5456 | D:6      | Paralysed by a giant eyeball for 3 turns
  5460 | D:6      | Paralysed by a giant eyeball for 4 turns
  5467 | D:6      | Paralysed by a giant eyeball for 2 turns
  5761 | D:6      | Acquired Beogh's third power
  5994 | D:7      | Found a shattered altar of Ashenzari.
  6222 | D:7      | Noticed Duvessa
  6222 | D:7      | Noticed Dowan
  6224 | D:7      | Paralysed by a giant eyeball for 4 turns
  6229 | D:7      | Killed Duvessa
  6243 | D:7      | Killed Dowan
  6369 | D:7      | Reached skill level 12 in Axes
  7029 | D:8      | Noticed Grum
  7043 | D:8      | Killed Grum
  7119 | D:8      | Reached XP level 10. HP: 74/97 MP: 10/10
  7383 | D:8      | Noticed a hill giant
  7391 | D:8      | Killed a hill giant
  7391 | D:8      | Reached skill level 13 in Axes
  7514 | D:8      | Found a basalt altar of Yredelemnul.
  7518 | D:8      | Acquired Beogh's fourth power
  7759 | D:8      | Noticed Psyche
  7767 | D:8      | Killed Psyche
  8131 | D:9      | Found a shimmering altar of Xom.
  8168 | D:9      | Noticed kerensky's ghost (powerful FoFi)
  8182 | D:9      | Killed kerensky's ghost
  8280 | D:9      | Found a staircase to the Orcish Mines.
  8397 | D:9      | Gained Ognian as an ally
  8591 | D:9      | Reached skill level 14 in Axes
  8634 | D:9      | Gained Olfik as an ally
  8646 | D:9      | Got a topaz-encrusted chain mail
  8647 | D:9      | Identified the +3 chain mail "Cyfich" {rElec rF++ rC+ Dam+1} (You found it on level 9 of the Dungeon)
  8677 | D:9      | Gained Oreg as an ally
  8710 | D:9      | Your ally Ognian died
  8722 | D:9      | Gained Oreg as an ally
  8920 | D:9      | Gained Boghold as an ally
  8936 | D:9      | Found Showneug's Armour Shoppe.
  8970 | D:9      | Bought the +2 helmet of the Earth {Int+3} for 393 gold pieces
  8973 | D:9      | Bought a +0 pair of orcish gloves for 15 gold pieces
  9070 | D:9      | Learned a level 3 spell: Regeneration
  9197 | D:9      | Found Cleceups' Weapon Shop.
  9350 | D:9      | Acquired Beogh's fifth power
  9390 | D:10     | Entered Level 10 of the Dungeon
  9458 | D:10     | Noticed Urug
  9473 | D:10     | Killed Urug
  9473 | D:10     | Reached XP level 11. HP: 76/107 MP: 11/11
  9582 | D:10     | Noticed a hill giant
  9589 | D:10     | Killed a hill giant
  9589 | D:10     | Reached skill level 5 in Armour
  9646 | D:10     | Found a staircase to the Lair.
  9792 | D:10     | Noticed Eustachio
  9797 | D:10     | Killed Eustachio
  9862 | D:10     | Your ally Eustachio died
 10115 | D:10     | Paralysed by a giant eyeball for 4 turns
 10187 | D:10     | Reached skill level 15 in Axes
 10634 | D:11     | Got an encrusted war axe
 10637 | D:11     | Identified the cursed +7,+7 war axe of Light {chop, Int+2} (You found it on level 11 of the Dungeon)
 10949 | D:11     | Killed an unseen horror
 11136 | Lair:1   | Entered Level 1 of the Lair of Beasts
 12581 | Lair:2   | Reached skill level 16 in Axes
 12584 | Lair:2   | Reached XP level 12. HP: 103/117 MP: 12/12
 12696 | Lair:2   | Noticed Nergalle
 14160 | Lair:3   | Found a hole to the Spider Nest.
 14515 | Lair:4   | Noticed a six-headed hydra
 14519 | Lair:4   | Killed a seven-headed hydra
 14721 | Lair:4   | Found a staircase to the Swamp.
 14758 | Lair:4   | Reached skill level 17 in Axes
 15650 | Lair:5   | Noticed Maud
 15652 | Lair:5   | Noticed Snorg
 15657 | Lair:5   | Killed Maud
 15662 | Lair:5   | Killed Snorg
 16064 | Lair:5   | Reached skill level 15 in Fighting
 16088 | Lair:5   | Reached skill level 18 in Axes
 16088 | Lair:5   | Reached XP level 13. HP: 124/126 MP: 13/13
 16288 | Lair:5   | Reached skill level 10 in Armour
 16552 | Lair:6   | Found a dark tunnel.
 16572 | Volcano  | Entered a volcano
 16741 | Volcano  | Found a radiant altar of Vehumet.
 16867 | Volcano  | Gained Ugbert as an ally
 16920 | Volcano  | Your ally Ugbert died
 17059 | Lair:6   | Your ally orc warrior died
 17059 | Lair:6   | Your ally orc warrior died
 17333 | Lair:6   | Gained Koronagh as an ally
 18164 | Lair:7   | Gained Boldo as an ally
 18292 | Lair:7   | Found a staircase to the Slime Pits.
 18292 | Lair:7   | Found a viscous altar of Jiyva.
 18626 | Lair:8   | Entered Level 8 of the Lair of Beasts
 18636 | Lair:8   | Gained Jorge as an ally
 18639 | Lair:8   | Noticed Rupert
 18639 | Lair:8   | Paralysed by Rupert for 3 turns
 18649 | Lair:8   | Killed Rupert
 18854 | Lair:8   | Reached skill level 19 in Axes
 18902 | Lair:8   | Your ally orc knight died
 19057 | Lair:8   | Identified a -2 rod of the swarm (13/13) (You found it on level 8 of the Lair of Beasts)
 19579 | Lair:8   | Reached XP level 14. HP: 104/137 MP: 14/14
 20093 | Lair:4   | Noticed a seven-headed hydra
 20100 | Lair:4   | Killed an eight-headed hydra
 20145 | Swamp:1  | Entered Level 1 of the Swamp
 20148 | Swamp:1  | Reached skill level 20 in Axes
 20270 | Swamp:1  | Gained Olfik as an ally
 20666 | Swamp:1  | HP: 6/138 [12-headed hydra (4)]
 20666 | Swamp:1  | Slain by a 12-headed hydra

Action                   |  1- 3 |  4- 6 |  7- 9 | 10-12 | 13-15 || total
-------------------------+-------+-------+-------+-------+-------++-------
Melee: Hand axe          |   115 |   176 |   408 |   301 |       ||  1000
       War axe           |       |       |       |   318 |   529 ||   847
Invok: Convert to Beogh  |       |     1 |       |       |       ||     1
       Recall Orcish Fol |       |       |       |     4 |       ||     4
       Stop Recall       |       |       |       |     3 |       ||     3
Evoke: Wand              |     1 |       |     1 |     2 |     1 ||     5
  Use: Scroll            |     3 |     5 |     6 |    10 |     6 ||    30
       Potion            |       |     5 |     6 |     6 |     5 ||    22
 Stab: Distracted        |       |       |     1 |     9 |    16 ||    26
       Paralysed         |       |       |       |     3 |       ||     3
       Betrayed ally     |       |       |       |     3 |     9 ||    12
